 Dungeon Crawl Stone Soup version 0.30-a0-553-g7fabdf1491 (webtiles) character file.

Game seed: 13349553588773457137

34979 bmack86 the Severer (level 13, 0/117 HPs)
             Began as a Minotaur Fighter on Dec 26, 2022.
             Was an Elder of Okawaru.
             Slain by a 15-headed hydra (7 damage)
             ... on level 4 of the Lair of Beasts on Dec 27, 2022.
             The game lasted 00:50:30 (14233 turns).

bmack86 the Severer (Minotaur Fighter)             Turns: 14233, Time: 00:50:31

Health: 0/117      AC: 21    Str: 25    XL:     13   Next: 45%
Magic:  16/16      EV: 21    Int:  5    God:    Okawaru [****..]
Gold:   554        SH:  0    Dex: 11    Spells: 12/12 levels left

rFire   . . .      SeeInvis +    a - +4 war axe (drain)
rCold   . . .      Faith    .    R - +0 kite shield
rNeg    . . .      Spirit   .    x - +0 plate armour
rPois   +          Reflect  .    (helmet restricted)
rElec   .          Harm     .    (no cloak)
rCorr   .          Rampage  .    u - +2 pair of gloves {Stlth+}
Will    .....                    t - +1 pair of boots Stlth
                                 B - amulet of the acrobat
HPRegen 0.39/turn                l - ring of see invisible
MPRegen 0.15/turn                E - ring of poison resistance

@: confused, ambrosia-drunk, acrobatic, studying 2 skills
A: horns 2, retaliatory headbutt
a: Renounce Religion, Heroism, Finesse


You were on level 4 of the Lair of Beasts.
You worshipped Okawaru.
Okawaru was greatly pleased with you.
You visited 3 branches of the dungeon, and saw 15 of its levels.

You collected 854 gold pieces.
You spent 300 gold pieces at shops.

Inventory:

Hand Weapons
 a - a +4 war axe of draining (weapon)
 w - a +0 battleaxe
Missiles
 i - 13 atropa-tipped darts
 s - 32 poisoned darts
 I - 5 boomerangs
 J - a javelin
 M - a silver javelin (quivered)
Armour
 c - a +0 buckler
 r - a +0 chain mail
 t - a +1 pair of boots (worn)
 u - a +2 pair of gloves of stealth (worn)
 x - a +0 plate armour (worn)
 R - a +0 kite shield (worn)
Jewellery
 l - a ring of see invisible (left hand)
 B - an amulet of the acrobat (around neck)
 E - a ring of poison resistance (right hand)
Wands
 o - a wand of flame (14)
 v - a wand of paralysis (15)
 A - a wand of polymorph (12)
 F - a wand of mindburst (5)
 P - a wand of iceblast (9)
 S - a wand of quicksilver (4)
Scrolls
 d - 3 scrolls of noise
 e - 4 scrolls of fear
 k - 4 scrolls of fog
 n - 4 scrolls of vulnerability
 q - 2 scrolls of magic mapping
 y - a scroll of identify
 H - 3 scrolls of amnesia
 N - a scroll of blinking
 O - a scroll of teleportation
Potions
 b - 4 potions of lignification
 g - a potion of cancellation
 h - 7 potions of mutation
 j - 4 potions of berserk rage
 m - 4 potions of attraction
 p - 9 potions of curing
 z - 3 potions of degeneration
 C - 2 potions of brilliance
 D - a potion of magic
 K - a potion of might
 L - 6 potions of ambrosia
 Q - a potion of haste
Miscellaneous
 f - a lightning rod (4/4)
 G - a box of beasts


   Skills:
 + Level 11.7 Fighting
 * Level 15.6 Axes
 + Level 9.1 Throwing
 + Level 11.8 Armour
 + Level 11.7 Shields
 + Level 6.1 Invocations


You had 12 spell levels left.
You didn't know any spells.
Your spell library contained the following spells:

 Spells                   Type           Power      Damage    Failure   Level
 Kiss of Death            Conj/Necr      0%         2d5       100%        1
 Magic Dart               Conj           0%         1d3       100%        1
 Blink                    Tloc           0%         N/A       100%        2
 Cigotuvi's Dreadful Rot  Necr/Pois/Air  0%         N/A       100%        2
 Ensorcelled Hibernation  Hex/Ice        0%         N/A       100%        2
 Poisonous Vapours        Pois/Air       0%         N/A       100%        2
 Searing Ray              Conj           0%         2d4       100%        2
 Confusing Touch          Hex            0%         N/A       100%        3
 Mephitic Cloud           Conj/Pois/Air  0%         N/A       100%        3
 Spider Form              Tmut/Pois      0%         N/A       100%        3
 Anguish                  Hex/Necr       0%         N/A       100%        4
 Dispel Undead            Necr           0%         3d6       100%        4
 Fulminant Prism          Conj/Hex       0%         3d5       100%        4
 Manifold Assault         Tloc           0%         N/A       100%        4
 Storm Form               Tmut/Air       0%         N/A       100%        7
 Summon Small Mammal      Summ           Unusable   N/A       N/A         1
 Call Canine Familiar     Summ           Unusable   N/A       N/A         3
 Summon Guardian Golem    Hex/Summ       Unusable   N/A       N/A         3

Dungeon Overview and Level Annotations

Branches:
Dungeon (10/15)            Temple (1/1) D:7            Lair (4/5) D:9
  Swamp (0/4) Lair:3       Spider (0/4) Lair:2          Orc (0/2) D:9
  Slime: Lair:4-5

Altars:
Ashenzari
Dithmenos
Elyvilon
Fedhas
Gozag
Hepliaklqana
Kikubaaqudgha
Makhleb
Nemelex Xobeh
Okawaru
Qazlal
Sif Muna
Trog
Uskayaw
Vehumet
Wu Jian
Yredelemnul
Zin
The Shining One

Shops:
D:2 [(*!   D:5 (   D:9 *

Annotations:
Lair:4 1 transporter


Innate Abilities, Weirdness & Mutations

You have a pair of horns on your head.
You reflexively headbutt those who attack you in melee.


Message History

The 14-headed hydra bites you but does no damage. x3
The 14-headed hydra bites you.
* * * LOW HITPOINT WARNING * * *
The 14-headed hydra barely misses you. The 14-headed hydra bites you.
* * * LOW HITPOINT WARNING * * *
The 14-headed hydra bites you but does no damage. x3
The 14-headed hydra bites you.
* * * LOW HITPOINT WARNING * * *
The 14-headed hydra bites you but does no damage. x3
The 14-headed hydra completely misses you.
You chop one of the 14-headed hydra's heads off!
The 13-headed hydra grows two more!
You slash the 15-headed hydra!
Your headbutt misses the 15-headed hydra.
The 15-headed hydra is severely wounded.
The 15-headed hydra completely misses you.
The 15-headed hydra barely misses you.
The 15-headed hydra bites you but does no damage.
The 15-headed hydra bites you.
* * * LOW HITPOINT WARNING * * *
The 15-headed hydra completely misses you.
The 15-headed hydra bites you.
* * * LOW HITPOINT WARNING * * *
The 15-headed hydra completely misses you.
The 15-headed hydra bites you but does no damage.
The 15-headed hydra barely misses you.
The 15-headed hydra bites you but does no damage. x3
The 15-headed hydra barely misses you.
The 15-headed hydra bites you but does no damage.
The 15-headed hydra closely misses you.
The 15-headed hydra bites you but does no damage.
The 15-headed hydra misses you. x2; The 15-headed hydra bites you.
* * * LOW HITPOINT WARNING * * *
The 15-headed hydra barely misses you. The 15-headed hydra misses you.
The 15-headed hydra completely misses you.
The 15-headed hydra bites you.
* * * LOW HITPOINT WARNING * * *
The 15-headed hydra barely misses you.
The 15-headed hydra bites you but does no damage. x2
The 15-headed hydra barely misses you. The 15-headed hydra bites you!
You die...

#..# ##.# #...
###P.## ....
###.....# ##...
#.......# ##..#
#.....### ####(..#
#...#...###P##...#
#..##.....##...D.#
### ##..........@#
##†...########
#.....#.....#
##....#○..○.#
#....#t○°..#
#....#°b○..+
##...©#©}..○+
#.....#![...+
##....#.°...#


You could see a 15-headed hydra (drained).

Vanquished Creatures
  4 two-headed ogres (D:9)
  A catoblepas (Lair:2)
  Erica (D:10)
  Nergalle (D:10)
  A bog body (Lair:3)
  Pikel (D:8)
  An orc sorcerer (D:9)
  A black mamba (Lair:1)
  Psyche (D:8)
  8 cane toads
  2 kobold demonologists (D:9)
  4 komodo dragons
  3 trolls
  A polar bear (Lair:2)
  A queen bee (Lair:3)
  A hornet (D:8)
  14 dream sheep
  17 blink frogs
  A shadow (D:9)
  Eustachio (D:6)
  25 yaks
  8 wyverns
  Grum (D:8)
  6 basilisks
  A steam dragon (D:6)
  10 wargs (D:9)
  12 water moccasins
  A hell hound (D:9)
  A two-headed ogre zombie (D:9)
  7 orc warriors
  A sky beast (D:7)
  3 ice beasts
  2 black bears
  23 wolves
  5 centaurs
  2 lemures (D:8)
  5 phantoms
  6 kobold brigands (D:9)
  5 gnoll sergeants (D:9)
  11 bullfrogs
  2 necrophages (D:6)
  5 scorpions
  A water moccasin zombie (D:6)
  12 wights
  34 killer bees
  5 howler monkeys
  2 bullfrog zombies (D:6)
  A human zombie (D:6)
  10 gnoll boudas
  3 jellies
  6 orc priests
  4 hounds
  7 iguanas
  14 orc wizards
  A hell rat (Lair:3)
  A killer bee zombie (D:6)
  7 ogre zombies (D:9)
  2 mummies (D:6)
  5 adders
  7 gnolls
  A shadow imp (D:6)
  20 orcs
  5 ball pythons
  7 bats
  3 endoplasms
  A giant cockroach (D:1)
  7 goblins
  10 hobgoblins
  6 jackals (D:1)
  11 kobolds
  5 quokkas
  2 frilled lizards (D:1)
  A goblin skeleton (D:9)
  3 goblin zombies (D:9)
  A hobgoblin skeleton (D:9)
  2 hobgoblin zombies (D:9)
  An orc skeleton (D:9)
  16 orc zombies (D:9)
  4 rats
435 creatures vanquished.

Vanquished Creatures (others)
  16 fungi
  39 plants
55 creatures vanquished.

Grand Total: 490 creatures vanquished

Notes
Turn   | Place    | Note
-------+----------+-------------------------------------------
     0 | D:1      | bmack86 the Minotaur Fighter began the quest for the Orb.
     0 | D:1      | Reached XP level 1. HP: 19/19 MP: 0/0
    65 | D:1      | Reached XP level 2. HP: 22/27 MP: 1/1
   148 | D:1      | Found a faded altar of an unknown god.
   322 | D:1      | Reached skill level 3 in Axes
   347 | D:1      | Reached XP level 3. HP: 33/33 MP: 2/2
   772 | D:2      | Found Zoeweot's Armour Shoppe.
   788 | D:2      | Found Luxkob's Weapon Shop.
   881 | D:2      | Bought 3 atropa-tipped darts for 21 gold pieces
   899 | D:2      | Found Gazontur's Distillery.
   948 | D:2      | Reached XP level 4. HP: 35/40 MP: 3/3
   948 | D:2      | Found Ruaheck's General Store.
  1628 | D:3      | Identified the +2 leather armour of the Antique Raven {+Inv
                  | rF+ Int-3 Dex+5}
  1663 | D:3      | Noticed a water moccasin
  1673 | D:3      | Killed a water moccasin
  1674 | D:3      | Reached skill level 4 in Axes
  1674 | D:3      | Reached skill level 1 in Throwing
  1674 | D:3      | Reached XP level 5. HP: 24/47 MP: 4/4
  2724 | D:4      | Reached XP level 6. HP: 50/55 MP: 5/5
  2837 | D:4      | Reached skill level 5 in Axes
  2837 | D:4      | Reached skill level 5 in Armour
  2972 | D:4      | Found a bloodstained altar of Trog.
  3089 | D:4      | Reached skill level 5 in Fighting
  3089 | D:4      | Reached skill level 5 in Shields
  3274 | D:4      | Found a broken altar of Ashenzari.
  3450 | D:5      | Entered Level 5 of the Dungeon
  3499 | D:5      | Noticed an ice beast
  3513 | D:5      | Killed an ice beast
  3514 | D:5      | Reached XP level 7. HP: 34/61 MP: 6/6
  3674 | D:5      | Reached skill level 6 in Axes
  3726 | D:5      | Found Ubotarru's Antique Weapon Shoppe.
  3951 | D:5      | Reached XP level 8. HP: 54/70 MP: 7/7
  4047 | D:5      | Found a burning altar of Makhleb.
  4068 | D:5      | Reached skill level 7 in Axes
  4821 | D:6      | Found a blossoming altar of Fedhas.
  4821 | D:6      | Found a radiant altar of Vehumet.
  4877 | D:6      | Reached skill level 8 in Axes
  5020 | D:2      | Bought a +2 pair of gloves of stealth for 279 gold pieces
  5126 | D:6      | Found a stormy altar of Qazlal.
  5437 | D:6      | Noticed Eustachio
  5467 | D:6      | Killed Eustachio
  5468 | D:6      | Reached XP level 9. HP: 67/78 MP: 8/8
  5470 | D:6      | Found a glowing golden altar of the Shining One.
  5615 | D:6      | Reached skill level 9 in Axes
  5633 | D:6      | Found an ancient bone altar of Kikubaaqudgha.
  6027 | D:7      | Reached skill level 5 in Throwing
  6356 | D:7      | You fall into a shaft and drop 2 floors!
  6388 | D:9      | Reached skill level 10 in Axes
  6631 | D:9      | Noticed a kobold demonologist
  6640 | D:9      | Killed a kobold demonologist
  6641 | D:9      | Reached XP level 10. HP: 82/88 MP: 9/9
  6650 | D:9      | Noticed a two-headed ogre
  6740 | D:8      | Noticed Pikel
  6740 | D:8      | Noticed Psyche
  6760 | D:8      | Killed Psyche
  6769 | D:8      | Killed Pikel
  7084 | D:8      | Noticed Grum
  7101 | D:8      | Killed Grum
  7102 | D:8      | Reached skill level 11 in Axes
  7221 | D:7      | Found a staircase to the Ecumenical Temple.
  7256 | Temple   | Entered the Ecumenical Temple
  7434 | Temple   | Became a worshipper of Warmaster Okawaru
  8037 | D:9      | Found Zyquzxel's Overcharged Wands.
  8283 | D:9      | Found a staircase to the Orcish Mines.
  8290 | D:9      | Reached * piety under Okawaru
  8605 | D:9      | Reached XP level 11. HP: 75/97 MP: 8/10
  8614 | D:9      | Reached skill level 12 in Axes
  8616 | D:9      | Noticed an orc sorcerer
  8624 | D:9      | Killed an orc sorcerer
  8625 | D:9      | Reached skill level 1 in Invocations
  8643 | D:9      | Found a staircase to the Lair.
  8709 | D:9      | Noticed a two-headed ogre
  8723 | D:9      | Killed a two-headed ogre
  8984 | D:9      | Reached ** piety under Okawaru
  9375 | D:9      | Noticed a two-headed ogre
  9383 | D:9      | Killed a two-headed ogre
  9384 | D:9      | Reached skill level 10 in Armour
  9394 | D:9      | Noticed a two-headed ogre
  9402 | D:9      | Killed a two-headed ogre
  9403 | D:9      | Reached skill level 13 in Axes
  9403 | D:9      | Reached skill level 10 in Shields
  9425 | D:9      | Killed a two-headed ogre
  9426 | D:9      | Reached skill level 10 in Fighting
  9745 | D:10     | Entered Level 10 of the Dungeon
  9811 | D:10     | Found a shadowy altar of Dithmenos.
  9927 | D:10     | Noticed Nergalle
  9936 | D:10     | Noticed a spectral orc warlord
  9939 | D:10     | Killed Nergalle
 10091 | D:10     | Noticed Erica
 10104 | D:10     | Killed Erica
 10447 | D:10     | Reached XP level 12. HP: 88/106 MP: 13/13
 10598 | Lair:1   | Entered Level 1 of the Lair of Beasts
 11226 | Lair:1   | Reached *** piety under Okawaru
 11291 | Lair:2   | Reached skill level 14 in Axes
 11671 | Lair:2   | Reached **** piety under Okawaru
 11706 | Lair:2   | Reached skill level 5 in Invocations
 12134 | Lair:2   | Found a hole to the Spider Nest.
 12226 | Lair:2   | Noticed a catoblepas
 12237 | Lair:2   | Killed a catoblepas
 12237 | Lair:2   | Received a gift from Okawaru
 12815 | Lair:3   | Found a staircase to the Swamp.
 12830 | Lair:3   | Reached XP level 13. HP: 107/116 MP: 16/16
 12904 | Lair:3   | Reached skill level 15 in Axes
 13026 | Lair:3   | Reached ***** piety under Okawaru
 13045 | Lair:3   | Received a gift from Okawaru
 14187 | Lair:4   | Found a transporter.
 14232 | Lair:4   | HP: 5/117 [15-headed hydra (3)]
 14233 | Lair:4   | Slain by a 15-headed hydra

Illustrated notes

Levels and vault maps discovered:
D:1:      saegor_arrival_simple_b, layout_basic,
          hellmonk_ecumenical_altar_run_dry
D:2:      layout_loops_ring, serial_shops, shop_statue, shop,
          nicolae_diamond_shop, shop_fountains
D:3:      minmay_recursive_quarters, layout_loops_corners
D:4:      layout_loops_cross, evilmike_ruin_ashenzari, lightli_temple_of_fire,
          st_stairs_9
D:5:      layout_basic, makhleb_heckhound_becter, serial_shops, shop,
          minmay_manual_moon
D:6:      layout_rooms, tso_oasis_becter, lemuel_mausoleum_altar_kikubaaqudgha,
          mainiacjoe_overflow_24_doors, jmf_multi_god_temple, nrook_uturn,
          uniq_eustachio
D:7:      layout_loops_ring, minmay_temple_entry_mini_moons
D:8:      layout_loops_ring, chequers_serial_rivers_micro_c, uniq_psyche,
          uniq_pikel, uniq_grum
D:9:      lemuel_castle_with_subvaults [lemuel_castle_interior_carwin_1],
          layout_stronghold, minmay_lair_entry_grove, zombieorc2_lemuel,
          kennysheep_doodads, nicolae_shop_overcharged_wands
D:10:     layout_irregular_city, grunt_dithmenos_smoke_and_mirrors, uniq_erica,
          uniq_nergalle
Temple:   oiseaux_autumnal_temple
Lair:1:   layout_loops_ring
Lair:2:   layout_chaotic_city, spider_nest_entry_web_field, beast_lair_carwin_6,
          grunt_megastairs_1
Lair:3:   regret_index_bee_streams, layout_big_grid, skrybe_swamp_entry_bodies
Lair:4:   gammafunk_cloud_chamber, layout_misc_corridors, gammafunk_ghost_arena,
          uniq_josephine

Skill      XL: |  1  2  3  4  5  6  7  8  9 10 11 12 13 |
---------------+----------------------------------------+-----
Fighting       | 4 5 6 7 9 10 11 | 11.7
Shields        | 4 5 6 8 9 10 11 | 11.7
Armour         | 4 5 6 8 9 10 11 | 11.8
Axes           | 3 4 5 6 8 10 11 13 14 15 | 15.6
Throwing       | 1 2 3 4 5 6 7 8 9 |  9.1
Invocations    | 3 5 6 |  6.1

Action                   |  1- 3 |  4- 6 |  7- 9 | 10-12 | 13-15 || total
-------------------------+-------+-------+-------+-------+-------++-------
Melee: War axe           |    79 |    78 |   226 |   569 |   189 ||  1141
       Headbutt          |     7 |    10 |    38 |   127 |    34 ||   216
Throw: Dart              |       |    25 |     9 |     1 |       ||    35
       Javelin           |       |       |       |       |     4 ||     4
Invok: Heroism           |       |       |       |    26 |     4 ||    30
       Finesse           |       |       |       |     1 |     1 ||     2
  Use: Scroll            |     2 |    11 |     7 |     5 |     4 ||    29
       Potion            |       |       |       |     3 |     1 ||     4
 Stab: Invisible         |       |     2 |       |       |       ||     2
Armor: Scale mail        |    58 |     3 |       |       |       ||    61
       Chain mail        |       |    43 |   153 |       |       ||   196
       Plate armour      |       |       |    27 |   360 |   225 ||   612
Dodge: Dodged            |    63 |    20 |    78 |   283 |   126 ||   570
Block: Buckler           |    25 |    20 |    63 |   175 |    66 ||   349
       Kite shield       |       |       |       |       |    45 ||    45

Table legend: (Time is in decaauts)
 A = Elapsed time spent in this place.
 B = Non-inter-level travel time spent in this place.
 C = Inter-level travel time spent in this place.
 D = Time resting spent in this place.
 E = Time spent auto-exploring this place.
 F = Levels seen in this place.
 G = Mean time per level.
                   A        B        C        D        E       F      G
               +--------+--------+--------+--------+--------+-----+--------+
         Total |  14209 |  13460 |    749 |   1201 |   7710 |  15 |  947.3 |
       Dungeon |  10437 |   9775 |    662 |    758 |   5643 |  10 | 1043.7 |
        Temple |    212 |    180 |     32 |      0 |    160 |   1 |  212.0 |
          Lair |   3559 |   3505 |     54 |    443 |   1907 |   4 |  889.8 |
               +--------+--------+--------+--------+--------+-----+--------+

Top non-repeatable levels by time:
     D:9: 2079 daAuts
  Lair:3: 1361 daAuts
     D:3: 1342 daAuts
  Lair:2: 1296 daAuts
     D:6: 1069 daAuts
     D:5: 1063 daAuts
     D:4: 915 daAuts
     D:7: 848 daAuts
     D:2: 840 daAuts
    D:10: 823 daAuts
     D:1: 794 daAuts
  Lair:1: 747 daAuts
     D:8: 660 daAuts
  Temple: 212 daAuts
  Lair:4: 154 daAuts
